 Dungeon Crawl Stone Soup version 0.32-a0-560-g4c7f4391e0 (webtiles) character file.

Game seed: 209557204258655206

36308 ezpacito the Fighter (level 13, -19/98 HPs)
             Began as a Demonspawn Chaos Knight on Feb 29, 2024.
             Was a Plaything of Xom.
             Killed from afar by a deep elf knight (32 damage)
             ... with a shard of ice
             ... on level 14 of the Dungeon.
             The game lasted 00:41:46 (16195 turns).

ezpacito the Fighter (Demonspawn Chaos Knight)     Turns: 16195, Time: 00:41:47

Health: -19/98     AC: 21    Str: 32    XL:     13   Next: 52%
Magic:  23/23      EV: 14    Int: 24    God:    Xom [....*.]
Gold:   942        SH:  5    Dex: 13    Spells: 4/25 levels left

rFire   + + +        a - +4 hand axe (chaos)
rCold   + + .        h - +0 buckler of the Hall of Blades {rF+ Int+4}
rNeg    . . .        d - +0 robe "Jyxzepp" {Harm Int+4 Stlth+}
rPois   .            (helmet restricted)
rElec   .            i - +2 cloak {Will+}
rCorr   +            (no gloves)
SInv    .            U - +2 pair of boots {Stlth+}
Will    ++...        j - amulet of Lucidity {Regen+ Str+6 Int+5}
Stlth   +++++        r - ring of Sux Ugat {rF+ Will+ Str+5 Int-4}
HPRegen 1.16/turn    J - ring "Jaiteyn Pyfo" {rF+ rCorr Str+2}
MPRegen 0.18/turn

%: harm (+30% outgoing, +20% incoming)
@: sanguine armoured, studying Earth Magic
A: claws 2, ignite blood 2, spiny 1, sanguine armour 3, beak, hooves 2, clever
1, cold resistance 2, strong 1, wild magic 1, MP-powered wands
a: Renounce Religion


You were on level 14 of the Dungeon.
You worshipped Xom.
You were a beloved toy of Xom.
You visited 2 branches of the dungeon, and saw 15 of its levels.
You also visited: Sewer and Ossuary.

You collected 1875 gold pieces.
You spent 933 gold pieces at shops.

Inventory:

Hand Weapons
 a - a +4 hand axe of chaos (weapon)
 Q - a +0 broad axe
 T - a +2 scimitar of flaming
Missiles
 g - a throwing net
 k - 5 curare-tipped darts
 n - 5 javelins
 u - 67 poisoned darts (quivered)
 y - 3 silver javelins
 B - 11 boomerangs
Armour
 d - the +0 robe "Jyxzepp" (worn) {Harm Int+4 Stlth+}
   (You found it on level 3 of the Dungeon)

   Int+4:     It affects your intelligence (+4).
   Harm:      It increases damage dealt and taken.
   Stlth+:    It makes you more stealthy.
 h - the +0 buckler of the Hall of Blades (worn) {rF+ Int+4}
   (You acquired it on level 3 of the Dungeon)

   Int+4:     It affects your intelligence (+4).
   rF+:       It protects you from fire.
 i - a +2 cloak of willpower (worn)
 U - a +2 pair of boots of stealth (worn)
Jewellery
 j - the amulet of Lucidity (around neck) {Regen+ Str+6 Int+5}
   (You acquired it on level 13 of the Dungeon)

   [amulet of regeneration]

   Str+6:     It affects your strength (+6).
   Int+5:     It affects your intelligence (+5).
   Regen+:    It increases your rate of health regeneration.
 l - a +6 ring of strength
 r - the ring of Sux Ugat (left claw) {rF+ Will+ Str+5 Int-4}
   (Xom gifted it to you on level 3 of the Dungeon)

   [ring of willpower]

   Str+5:     It affects your strength (+5).
   Int-4:     It affects your intelligence (-4).
   rF+:       It protects you from fire.
   Will+:     It increases your willpower.
 J - the ring "Jaiteyn Pyfo" (right claw) {rF+ rCorr Str+2}
   (You bought it in a shop on level 12 of the Dungeon)

   [ring of protection from fire]

   Str+2:     It affects your strength (+2).
   rF+:       It protects you from fire.
   rCorr:     It protects you from acid and corrosion.
Wands
 b - a wand of digging (6)
 m - a wand of paralysis (9)
 o - a wand of quicksilver (5)
 z - a wand of flame (9)
 G - a wand of roots (1)
 M - a wand of mindburst (14)
Scrolls
 c - a scroll of butterflies
 f - 4 scrolls of teleportation
 x - 3 scrolls of revelation
 D - a scroll of poison
 S - 2 scrolls of enchant armour
 Z - 9 scrolls of identify
Potions
 w - 2 potions of cancellation
 C - 8 potions of curing
 K - 2 potions of enlightenment
 N - a potion of attraction
 O - 3 potions of mutation
Miscellaneous
 e - a phantom mirror
 p - a tin of tremorstones (2/2)
 s - a lightning rod (1/4)
 t - a box of beasts (inert)
 E - a phial of floods


   Skills:
 * Level 8.2 Fighting
 * Level 7.5(8.3) Axes
 + Level 5.1(7.0) Polearms
 + Level 4.3 Throwing
 * Level 7.0 Armour
 * Level 6.7 Dodging
 + Level 4.9 Stealth
 + Level 3.7 Shields
 * Level 6.9 Unarmed Combat
 * Level 6.7 Spellcasting
 + Level 3.5 Summonings
 * Level 6.0 Necromancy
 + Level 2.7 Fire Magic
 + Level 3.5 Air Magic
 + Level 4.9 Earth Magic
 + Level 3.4 Alchemy
 + Level 4.7 Evocations


You had 4 spell levels left.
You knew the following spells:

 Your Spells              Type           Power      Damage    Failure   Level
a - Necrotise             Necr           100%       1d9       1%          1
b - Vampiric Draining     Necr           48%        2d9       4%          3
c - Martyr's Knell        Necr/Summ      40%        N/A       17%         4
d - Curse of Agony        Necr           48%        N/A       28%         5
e - Animate Armour        Summ/Erth      74%        N/A       21%         4
f - Brom's Barrelling Bo  Conj/Erth      25%        2d5       38%         4

Your spell library contained the following spells:

 Spells                   Type           Power      Damage    Failure   Level
 Magic Dart               Conj           40%        1d5       13%         1
 Stone Arrow              Conj/Erth      50%        3d10      14%         3
 Lesser Beckoning         Tloc           20%        N/A       19%         2
 Gell's Gravitas          Tloc           10%        N/A       34%         3
 Teleport Other           Tloc           10%        N/A       34%         3
 Arcjolt                  Conj/Air       10%        1d20      82%         5
 Summon Mana Viper        Hex/Summ       21%        N/A       82%         5
 Fireball                 Conj/Fire      9%         3d6       86%         5
 Iskenderun's Battlesphe  Conj           10%        2d6       96%         5
 Conjure Ball Lightning   Conj/Air       10%        3x3d6     100%        6
 Sculpt Simulacrum        Ice/Alch       10%        N/A       100%        6
 Orb of Destruction       Conj           5%         9d5       100%        7
 Ozocubu's Refrigeration  Ice            5%         4d8       100%        7
 Lehudib's Crystal Spear  Conj/Erth      12%        10d4      100%        8
 Polar Vortex             Ice            5%         N/A       100%        9


Dungeon Overview and Level Annotations

Branches:
Dungeon (14/15)            Temple (1/1) D:5            Lair (0/5) D:10
    Orc (0/2) D:10         Vaults (0/5) D:14          Sewer (visited)
Ossuary (visited)

Altars:
Ashenzari
Cheibriados
Dithmenos
Fedhas
Gozag
Hepliaklqana
Kikubaaqudgha
Makhleb
Nemelex Xobeh
Okawaru
Qazlal
Ru
Sif Muna
Trog
Uskayaw
Vehumet
Wu Jian
Xom
Yredelemnul

Shops:
D:12 =


Innate Abilities, Weirdness & Mutations

You have very sharp fingernails.
Your demonic aura often causes spilled blood to erupt in flames.
You are partially covered in sharp spines.
When seriously injured, your blood forms very thick armour. (AC +12)
You have a beak for a mouth.
You have hoof-like feet.
Your mind is acute. (Int +4, Str/Dex -1)
Your flesh is very cold resistant. (rC++)
Your muscles are strong. (Str +4, Int/Dex -1)
Your spells are a little harder to cast, but a little more powerful.
You expend magic power (3 MP) to strengthen your wands.


Message History

You swap places.
You see here a maw talisman.
o - a wand of quicksilver (5)
The deep elf knight shouts!
The deep elf knight casts a spell.
The deep elf knight flickers and vanishes!
Deactivating autopickup; reactivate with Ctrl-A.
You hear some strange, mumbled words. "Hum-dee-hum-dee-hum..."
The fire dragon seems to slow down.
The fire dragon is no longer moving slowly.
The fire dragon breathes flames at you. The blast of flame hits you.
You resist.
You closely miss something. Something hits you!
Aiming: Thunderbolt
Press: ? - help, Shift-Dir - straight line, f - fire dragon
Aim: a fire dragon (catching its breath, ally target)
The thunderbolt hits the fire dragon!
The fire dragon is moderately wounded. "Serve the toy, my child!"
You hear some strange, mumbled words.
A lance of force appears from out of thin air!
The lance of force hits you!!
Your blood congeals into armour.
You are knocked back by the lance of force.
You slam into the rock wall!
You hear some strange, mumbled words.
A lance of force appears from out of thin air!
The lance of force hits you!
* * * LOW HITPOINT WARNING * * *
You are knocked back by the lance of force.
You slam into the rock wall!
* * * LOW HITPOINT WARNING * * *
Blink to where?
Press: ? - help, Dir - move target, p - fire dragon
As you read the scroll of blinking, it crumbles to dust.
You hear some strange, mumbled words.
A shard of ice appears from out of thin air!
The shard of ice hits you!! You partially resist.
You die...
Xom roars with laughter!

###....#)####)#..#.........#
..#....#.#.∩#.#..###..######
#.##.#.#.#..#...####.....#
#.##.#.#.#..#..)#....###.#
#.##.#.#.##'#..=#....# .#
.......#....#.#.#....# #.#
#.#..#.######.#)#....# #.#
#.......%.......#...)###.########
.~.###.####....)@....#.....##..†.
.~.#...# ####..#....5.........†.
~..#.### #####.##...Z............
~..#.# #......#§.○{.....~..>.†.
.~...# #......#........~.......
...#######......####..D..~.......
÷...............# #.............
..########......# #.............
..# #......# ##............


You could see a fire dragon (catching breath, ally target), a friendly shadow
imp (summoned) and a friendly necromancer zombie.

Vanquished Creatures
  A lich (D:13)
  An azure jelly (D:14)
  A frost giant (D:13)
  A deep elf death mage (D:14)
  A yaktaur captain (D:13)
  The ghost of Goblam the Cleaver, a journeyman MiFi of Trog (D:13)
  A hydra (D:12)
  2 catoblepae
  4 boulder beetles
  5 centaur warriors
  A dancing weapon (D:8)
  A two-headed ogre (D:9)
  A deep elf knight (D:14)
  A goliath frog (D:12)
  A skeletal warrior (D:13)
  2 deep elf pyromancers (D:12)
  2 necromancers
  A phantasmal warrior (D:14)
  2 manticores (D:13)
  A shining eye (D:12)
  7 ugly things
  5 cyclopes
  3 meliai (D:13)
  An elephant (shapeshifter) (D:14)
  2 gargoyles
  An efreet (D:13)
  A rime drake (D:14)
  A freezing wraith (D:14)
  A troll (D:10)
  A tyrant leech (D:14)
  7 slime creatures
  Sigmund (D:6)
  2 wraiths (D:10)
  A shadow (D:13)
  2 vampires
  2 water elementals (D:13)
  A human (D:5)
  A basilisk (D:13)
  A steam dragon (D:7)
  12 vampire mosquitoes
  A redback simulacrum (D:13)
  A warg (D:9)
  2 water moccasins (D:6)
  2 acid dragons
  6 orc warriors
  3 ice beasts
  A black bear (D:7)
  4 ogres
  2 wolves (D:10)
  2 centaurs
  2 phantoms
  7 kobold brigands
  A brain worm (Sewer)
  5 elf skeletons (D:7)
  A gnoll sergeant (D:8)
  3 scorpions
  6 bullfrogs
  A burial acolyte (D:6)
  6 wights
  5 howler monkeys
  3 electric eels (D:13)
  2 hounds
  A jelly (D:7)
  2 orc priests
  A gnoll bouda (D:6)
  A human skeleton (D:7)
  2 iguanas (D:5)
  2 sleepcaps
  Jessica (D:3)
  12 orc wizards
  A hound zombie (Ossuary)
  4 mummies (Ossuary)
  Robin (D:2)
  11 gnolls
  13 adders
  2 shadow imps (D:6)
  5 white imps
  An ufetubus (D:6)
  3 adder zombies (D:6)
  5 dart slugs
  5 ribbon worms
  28 orcs
  11 ball pythons
  4 endoplasms
  3 giant cockroaches
  14 goblins
  11 hobgoblins
  5 jackals (D:1)
  15 kobolds
  5 quokkas
  8 bats
  9 frilled lizards
  3 gnoll zombies
  2 goblin zombies (Ossuary)
  A hobgoblin zombie (Ossuary)
  A jackal skeleton (D:5)
  3 jackal zombies
  4 kobold zombies
  15 rats
  3 rat zombies (Ossuary)
368 creatures vanquished.

Vanquished Creatures (collateral kills)
  The ghost of Fractals the Blocker, a journeyman MDBe of Trog (D:11)
  The ghost of ShinQuickMan the Jinx, a journeyman DECj of Gozag (D:11)
  A cyclops (D:12)
  A wyvern (D:10)
  A laughing skull (D:12)
  A bullfrog (D:7)
  A kobold brigand (Sewer)
  A wight (D:8)
  4 orc wizards
  3 orcs (D:8)
  A goblin (D:6)
  2 ball pythons
  A bat (D:3)
19 creatures vanquished.

Vanquished Creatures (others)
  2 dancing weapons (D:14)
  A deep elf pyromancer (D:14)
  A bullfrog (D:9)
  An orc wizard (D:9)
  An orc (D:9)
  A bat zombie (D:3)
  A jackal (D:1)
8 creatures vanquished.

Grand Total: 395 creatures vanquished

Notes
Turn   | Place    | Note
-------+----------+-------------------------------------------
     0 | D:1      | ezpacito the Demonspawn Chaos Knight began the quest for
                  | the Orb.
     0 | D:1      | Reached XP level 1. HP: 18/18 MP: 1/1
    98 | D:1      | Reached skill level 1 in Dodging
   108 | D:1      | Gained mutation: When seriously injured, your blood forms
                  | armour. (AC +12) [demonic ancestry]
   108 | D:1      | Reached XP level 2. HP: 23/24 MP: 2/2
   328 | D:1      | Gained mutation: When seriously injured, your blood forms
                  | thick armour. (AC +12) [demonic ancestry]
   328 | D:1      | Reached XP level 3. HP: 27/29 MP: 2/4
   330 | D:1      | XOM: silly message
   596 | D:1      | XOM: silly message
   643 | D:1      | XOM: silly message
   888 | D:2      | Reached skill level 1 in Spellcasting
  1091 | D:2      | Reached skill level 1 in Unarmed Combat
  1179 | D:2      | Reached XP level 4. HP: 34/35 MP: 5/5
  1232 | D:2      | Noticed Robin
  1237 | D:2      | Reached skill level 1 in Polearms
  1246 | D:2      | Killed Robin
  1768 | D:3      | XOM: god gift: triangular garnet amulet {god gift}
  2015 | D:3      | Identified the +0 robe "Jyxzepp" {Harm Int+4 Stlth+}
  2044 | D:3      | Gained mutation: Your demonic aura sometimes causes spilled
                  | blood to erupt in flames. [demonic ancestry]
  2044 | D:3      | Reached XP level 5. HP: 40/41 MP: 7/7
  2067 | D:3      | XOM: god gift: wand of quicksilver (4)
  2160 | D:3      | Identified the ring of Sux Ugat {rF+ Will+ Str+5 Int-4}
                  | (Xom gifted it to you on level 3 of the Dungeon)
  2160 | D:3      | XOM: god gift: ring of Sux Ugat {rF+ Will+ Str+5 Int-4}
  2398 | D:3      | Noticed Jessica
  2405 | D:3      | Killed Jessica
  2415 | D:3      | Found a shimmering blue altar of Sif Muna.
  2430 | D:3      | XOM: scenery: summon butterflies
  2551 | D:3      | Identified a scroll of acquirement
  2551 | D:3      | Acquired the +0 buckler of the Hall of Blades {rF+ Int+4}
  2738 | D:4      | XOM: smoke on damage
  2838 | D:4      | Reached skill level 1 in Stealth
  2974 | D:4      | Gained mutation: You have sharp fingernails. [demonic
                  | ancestry]
  2974 | D:4      | Reached XP level 6. HP: 37/48 MP: 8/8
  3032 | D:4      | Found a glowing drain.
  3033 | D:4      | XOM: enchant monster (good)
  3060 | Sewer    | XOM: stealth player
  3060 | Sewer    | Entered a sewer
  3091 | Sewer    | XOM: 4-stop teleportation journey
  3219 | Sewer    | XOM: scenery: summon butterflies
  3277 | Sewer    | Reached skill level 4 in Fighting
  3402 | Sewer    | XOM: give mutation
  3402 | Sewer    | Gained mutation: You have very sharp fingernails. [Xom's
                  | grace]
  3646 | Sewer    | XOM: scenery: create altars
  3649 | Sewer    | XOM: divination: detect items
  3650 | Sewer    | XOM: enchant monster (good)
  3663 | Sewer    | Reached XP level 7. HP: 22/54 MP: 10/10
  3675 | Sewer    | Reached skill level 1 in Evocations
  3819 | Sewer    | XOM: potion effect (heal wounds)
  3915 | Sewer    | XOM: god gift: 3 silver javelins
  4028 | D:4      | XOM: scenery: create altars
  4034 | D:4      | XOM: cleaving
  4271 | D:4      | XOM: scenery: summon butterflies
  4341 | D:4      | XOM: give mutations
  4341 | D:4      | Gained mutation: Your flesh is cold resistant. (rC+) [Xom's
                  | grace]
  4341 | D:4      | Gained mutation: You have hidden genetic potential. [Xom's
                  | grace]
  4341 | D:4      | Gained mutation: You have large cloven feet. [Xom's grace]
  4341 | D:4      | Gained mutation: Your mind is acute. (Int +4, Str/Dex -1)
                  | [Xom's grace]
  4384 | D:5      | Entered Level 5 of the Dungeon
  4446 | D:5      | Found a staircase to the Ecumenical Temple.
  4460 | Temple   | Entered the Ecumenical Temple
  4512 | D:5      | XOM: god gift: 3 boomerangs
  4516 | D:5      | Found a radiant altar of Vehumet.
  4536 | D:5      | XOM: silly message
  4546 | D:5      | XOM: divination: magic mapping
  4554 | D:5      | Gained mutation: When seriously injured, your blood forms
                  | very thick armour. (AC +12) [demonic ancestry]
  4554 | D:5      | Reached XP level 8. HP: 29/61 MP: 12/12
  4745 | D:5      | Found a runed translucent door.
  4748 | D:5      | Found a basalt altar of Yredelemnul.
  4760 | D:5      | XOM: divination: detect creatures
  4863 | D:5      | Reached skill level 1 in Throwing
  4884 | D:5      | Gained mutation: Your spells are a little harder to cast,
                  | but a little more powerful. [hidden potential]
  4981 | D:5      | XOM: silly message
  5113 | D:5      | Found a sparkling altar of Nemelex Xobeh.
  5181 | D:5      | XOM: enchant monster (good)
  5183 | D:5      | XOM: enchant monster (bad)
  5402 | D:6      | Reached skill level 5 in Fighting
  5402 | D:6      | Reached skill level 1 in Shields
  5478 | D:6      | Found an ancient bone altar of Kikubaaqudgha.
  5642 | D:6      | XOM: cast spell 'Dispersal'
  5651 | D:6      | XOM: blink monster(s)
  5773 | D:6      | Noticed a cyclops
  5776 | D:6      | XOM: enchant monster (good)
  5781 | D:6      | XOM: summons friendly quasit
  5782 | D:6      | XOM: polymorph quasit -> ufetubus
  5784 | D:6      | Reached XP level 9. HP: 31/68 MP: 14/14
  5784 | D:6      | XOM: confusion (+ monsters)
  5790 | D:6      | Killed a cyclops
  5798 | D:6      | Gained mutation: You expend magic power (3 MP) to
                  | strengthen your wands. [hidden potential]
  5798 | D:6      | Lost mutation: You have hidden genetic potential. [hidden
                  | potential expressed]
  5971 | D:6      | XOM: polymorph iguana -> goblin
  5975 | D:6      | XOM: potion effect (invisibility)
  6060 | D:6      | XOM: torment (26/68 hp)
  6206 | D:6      | XOM: swap monsters
  6220 | D:6      | Reached skill level 5 in Axes
  6362 | D:6      | Learned a level 1 spell: Necrotise
  6366 | D:6      | Learned a level 3 spell: Vampiric Draining
  6371 | D:6      | Learned a level 4 spell: Martyr's Knell
  6377 | D:6      | Learned a level 5 spell: Curse of Agony
  6501 | D:6      | XOM: stat loss: -1 Str (19/20)
  6591 | D:6      | XOM: noise
  6594 | D:6      | XOM: give mutations
  6594 | D:6      | Gained mutation: A frigid envelope surrounds you and
                  | freezes all who hurt you. [Xom's grace]
  6594 | D:6      | Gained mutation: Your flesh is heat resistant. (rF+) [Xom's
                  | grace]
  6630 | D:6      | Noticed Sigmund
  6634 | D:6      | XOM: enchant monster (good)
  6636 | D:6      | Killed Sigmund
  6698 | D:6      | XOM: stat loss: -1 Dex (12/13)
  6842 | D:6      | XOM: give mutation
  6842 | D:6      | Gained mutation: You occasionally shout uncontrollably at
                  | your foes. [Xom's mischief]
  6861 | D:7      | XOM: cast spell 'Summon Cactus Giant'
  6881 | D:7      | Found Cesipnuh's Magic Scroll Boutique.
  6888 | D:7      | Bought a scroll of identify for 24 gold pieces
  6888 | D:7      | Bought a scroll of noise for 12 gold pieces
  6888 | D:7      | Bought a scroll of fear for 48 gold pieces
  6888 | D:7      | Bought a scroll of immolation for 48 gold pieces
  6888 | D:7      | Bought a scroll of immolation for 48 gold pieces
  6888 | D:7      | Bought a scroll of revelation for 90 gold pieces
  6888 | D:7      | Bought a scroll of teleportation for 36 gold pieces
  6919 | D:7      | XOM: give mutations
  6919 | D:7      | Gained mutation: Your flesh is very heat resistant. (rF++)
                  | [Xom's grace]
  6919 | D:7      | Gained mutation: You have hoof-like feet. [Xom's grace]
  6919 | D:7      | Gained mutation: You are robust. (+10% HP) [Xom's grace]
  6919 | D:7      | Gained mutation: You have claws for hands. [Xom's grace]
  7000 | D:7      | Reached skill level 1 in Necromancy
  7032 | D:7      | Found a sand-covered staircase.
  7032 | D:7      | XOM: destruction
  7065 | Ossuary  | Entered an ossuary
  7466 | D:7      | XOM: cloud trail
  7494 | D:7      | XOM: cast spell 'Metabolic Englaciation'
  7495 | D:7      | XOM: god gift: runed long sword {god gift}
  7497 | D:7      | XOM: polymorph hornet -> howler monkey
  7518 | D:7      | XOM: cleaving
  7521 | D:7      | Gained mutation: Your demonic aura often causes spilled
                  | blood to erupt in flames. [demonic ancestry]
  7521 | D:7      | Reached XP level 10. HP: 71/83 MP: 16/16
  7651 | D:7      | XOM: 5-stop teleportation journey
  7653 | D:7      | XOM: 9-stop teleportation journey
  7663 | D:7      | Reached skill level 1 in Earth Magic
  7774 | D:7      | XOM: give mutations
  7774 | D:7      | Lost mutation: You have claws for hands. [Xom's mischief]
  7774 | D:7      | Lost mutation: You have hoof-like feet. [Xom's mischief]
  7783 | D:7      | XOM: give mutation
  7783 | D:7      | Gained mutation: You sometimes lose your temper in combat.
                  | [Xom's mischief]
  7934 | D:7      | XOM: silly message
  7977 | D:8      | XOM: noise
  7981 | D:8      | Reached skill level 5 in Armour
  7982 | D:8      | Reached skill level 6 in Fighting
  8018 | D:8      | XOM: cloud trail
  8051 | D:8      | Killed a +0 dagger
  8087 | D:8      | XOM: swap monsters
  8166 | D:8      | XOM: 3-stop teleportation journey
  8234 | D:8      | Reached skill level 1 in Summonings
  8268 | D:8      | XOM: silly message
  8295 | D:8      | XOM: summons 6 hostile demons
  8296 | D:8      | Noticed a smoke demon
  8451 | D:8      | XOM: stat loss: -1 Str (19/20)
  8509 | D:8      | XOM: summons 6 hostile demons
  8510 | D:8      | Noticed a rust devil
  8644 | D:8      | Found an iron altar of Okawaru.
  8644 | D:8      | XOM: 10-stop teleportation journey
  8719 | D:8      | Found a broken altar of Ashenzari.
  8857 | D:8      | XOM: give mutations
  8857 | D:8      | Lost mutation: You are robust. (+10% HP) [Xom's mischief]
  8857 | D:8      | Lost mutation: You occasionally shout uncontrollably at
                  | your foes. [Xom's mischief]
  8857 | D:8      | Lost mutation: A frigid envelope surrounds you and freezes
                  | all who hurt you. [Xom's mischief]
  8857 | D:8      | Lost mutation: You have very sharp fingernails. [Xom's
                  | mischief]
  8863 | D:8      | Found Fezayj's Antique Weapon Emporium.
  9041 | D:8      | XOM: god gift: wand of mindburst (5)
  9064 | D:8      | XOM: god gift: scroll labelled DOG CIAN QUIN {god gift}
  9107 | D:8      | XOM: god gift: +1 helmet of intelligence
  9199 | D:8      | XOM: cloud trail
  9217 | D:8      | XOM: give mutations
  9217 | D:8      | Gained mutation: You have a beak for a mouth. [Xom's grace]
  9217 | D:8      | Gained mutation: You are robust. (+10% HP) [Xom's grace]
  9217 | D:8      | Gained mutation: You are somewhat resistant to further
                  | mutation. [Xom's grace]
  9217 | D:8      | Gained mutation: Your flesh is very cold resistant. (rC++)
                  | [Xom's grace]
  9540 | D:9      | Reached skill level 1 in Air Magic
  9541 | D:9      | Noticed a gargoyle
  9555 | D:9      | XOM: fog
  9556 | D:9      | XOM: summons 10 friendly demons
  9559 | D:9      | Killed a gargoyle
  9606 | D:9      | XOM: give mutations
  9606 | D:9      | Gained mutation: Your movements are slightly less
                  | encumbered by armour. (ER -2) [Xom's grace]
  9606 | D:9      | Gained mutation: You have hoof-like feet. [Xom's grace]
  9700 | D:9      | Found a snail-covered altar of Cheibriados.
  9767 | D:9      | XOM: divine lightning
  9844 | D:9      | XOM: destruction
  9911 | D:9      | XOM: cleaving
  9950 | D:9      | Noticed a two-headed ogre
  9956 | D:9      | Killed a two-headed ogre
  9957 | D:9      | Reached skill level 5 in Unarmed Combat
 10145 | D:10     | XOM: noise
 10145 | D:10     | Entered Level 10 of the Dungeon
 10148 | D:10     | XOM: fake destruction
 10148 | D:10     | Noticed a gargoyle
 10149 | D:10     | Found a staircase to the Lair.
 10154 | D:10     | XOM: scenery: summon butterflies
 10175 | D:10     | Reached skill level 5 in Dodging
 10175 | D:10     | XOM: summons 7 friendly demons
 10179 | D:10     | Killed a gargoyle
 10180 | D:10     | Reached skill level 5 in Spellcasting
 10216 | D:10     | Learned a level 4 spell: Animate Armour
 10219 | D:10     | XOM: god gift: 790 gold pieces
 10370 | D:10     | Found a stormy altar of Qazlal.
 10610 | D:10     | XOM: divination: detect creatures
 10629 | D:10     | XOM: draining
 10655 | D:10     | XOM: cloud trail
 10783 | D:10     | Gained mutation: You are partially covered in sharp spines.
                  | [demonic ancestry]
 10783 | D:10     | Reached XP level 11. HP: 46/80 MP: 18/18
 10949 | D:10     | XOM: summons 4 hostile shadow creatures
 10956 | D:10     | XOM: 2-stop teleportation journey
 11192 | D:10     | Found a staircase to the Orcish Mines.
 11414 | D:11     | XOM: scenery: create altars
 11426 | D:11     | Noticed a catoblepas
 11429 | D:11     | XOM: divination: detect items
 11434 | D:11     | Killed a catoblepas
 11580 | D:11     | XOM: 7-stop teleportation journey
 11791 | D:11     | Identified the +0 helmet of Ixamuu {rElec Regen+ rCorr}
 11909 | D:11     | XOM: cloud trail
 11995 | D:11     | XOM: summons 11 friendly demons
 12027 | D:11     | XOM: summons 4 hostile demons
 12154 | D:11     | Found a runed translucent gate.
 12154 | D:11     | Found a runed translucent gate.
 12156 | D:11     | Found a runed translucent gate.
 12158 | D:11     | Noticed ShinQuickMan's ghost (journeyman DECj)
 12158 | D:11     | Noticed Fractals's ghost (journeyman MDBe)
 12468 | D:11     | Reached skill level 1 in Alchemy
 12695 | D:11     | XOM: cast spell 'Summon Dragon'
 12699 | D:11     | Killed ShinQuickMan's ghost
 12704 | D:11     | Killed Fractals's ghost
 12705 | D:11     | Reached skill level 1 in Fire Magic
 12909 | D:12     | XOM: stat loss: -1 Int (19/20)
 12921 | D:12     | Noticed a centaur warrior
 12921 | D:12     | Noticed a white ugly thing
 12924 | D:12     | Noticed a deep elf pyromancer
 12924 | D:12     | Noticed a centaur warrior
 12924 | D:12     | XOM: 1-stop teleportation journey
 12925 | D:12     | XOM: noise
 12929 | D:12     | Killed a deep elf pyromancer
 12929 | D:12     | XOM: blink monster(s)
 12929 | D:12     | Noticed a centaur warrior
 12931 | D:12     | Killed a centaur warrior
 12932 | D:12     | Reached skill level 7 in Fighting
 12932 | D:12     | Noticed an eight-headed hydra
 12933 | D:12     | Noticed a deep elf pyromancer
 12934 | D:12     | a slime creature changed into a shining eye
 12934 | D:12     | Noticed a shining eye
 12934 | D:12     | a slime creature changed into a goliath frog
 12934 | D:12     | Noticed a goliath frog
 12935 | D:12     | XOM: summons 6 friendly demons
 12935 | D:12     | Killed a goliath frog
 12937 | D:12     | Killed a centaur warrior
 12937 | D:12     | Killed a shining eye
 12942 | D:12     | Killed a centaur warrior
 12942 | D:12     | Killed an eight-headed hydra
 12943 | D:12     | Reached XP level 12. HP: 28/100 MP: 16/20
 12954 | D:12     | XOM: noise
 13024 | D:12     | XOM: god gift: book of the Spheres
 13031 | D:12     | Learned a level 4 spell: Brom's Barrelling Boulder
 13082 | D:12     | XOM: cloud trail
 13102 | D:12     | XOM: noise
 13134 | D:12     | XOM: god gift: 2 poisoned darts
 13318 | D:12     | Noticed a boulder beetle
 13321 | D:12     | XOM: potion effect (invisibility)
 13326 | D:12     | XOM: noise
 13346 | D:12     | XOM: cast spell 'Summon Cactus Giant'
 13354 | D:12     | Killed a boulder beetle
 13456 | D:12     | Found Kutzicsu's Jewellery Shop.
 13464 | D:12     | Bought the ring "Jaiteyn Pyfo" {rF+ rCorr Str+2} for 627
                  | gold pieces
 13593 | D:12     | XOM: silly message
 13780 | D:13     | Noticed a centaur warrior
 13791 | D:13     | XOM: cast spell 'Iskenderun's Battlesphere'
 13792 | D:13     | Killed a centaur warrior
 13863 | D:13     | XOM: silly message
 14007 | D:13     | XOM: 2-stop teleportation journey
 14029 | D:13     | Noticed a boulder beetle
 14035 | D:13     | Noticed a boulder beetle
 14039 | D:13     | Killed a boulder beetle
 14042 | D:13     | XOM: confuse monster(s)
 14043 | D:13     | Noticed a centaur warrior
 14047 | D:13     | XOM: cast spell 'Metabolic Englaciation'
 14051 | D:13     | Killed a boulder beetle
 14052 | D:13     | Reached skill level 5 in Necromancy
 14052 | D:13     | Killed a centaur warrior
 14054 | D:13     | XOM: potion effect (curing)
 14147 | D:13     | XOM: cloud trail
 14206 | D:13     | XOM: confuse monster(s)
 14288 | D:13     | XOM: divination: magic mapping
 14364 | D:13     | Found a runed translucent door.
 14370 | D:13     | Noticed a frost giant
 14372 | D:13     | Noticed a yaktaur captain
 14372 | D:13     | Noticed a lich
 14374 | D:13     | Noticed Goblam's ghost (journeyman MiFi)
 14377 | D:13     | Found a runed translucent door.
 14411 | D:13     | XOM: god gift: scroll of poison
 14789 | D:13     | XOM: scenery: summon butterflies
 14805 | D:13     | Killed a yaktaur captain
 14806 | D:13     | Killed a frost giant
 14823 | D:13     | Killed a lich
 14826 | D:13     | Killed Goblam's ghost
 14827 | D:13     | Gained mutation: You have very sharp fingernails. [demonic
                  | ancestry]
 14827 | D:13     | Reached XP level 13. HP: 30/107 MP: 9/22
 14844 | D:13     | Got Sif Muna's Vellum of Unified Energy
 14848 | D:13     | Acquired the amulet of Lucidity {Regen+ Str+6 Int+5}
 14873 | D:13     | XOM: scenery: summon butterflies
 14913 | D:13     | XOM: torment (28/107 hp)
 15133 | D:13     | XOM: give mutations
 15133 | D:13     | Lost mutation: You are somewhat resistant to further
                  | mutation. [Xom's mischief]
 15133 | D:13     | Lost mutation: You expend magic power (3 MP) to strengthen
                  | your wands. [Xom's mischief]
 15133 | D:13     | Lost mutation: Your movements are slightly less encumbered
                  | by armour. (ER -2) [Xom's mischief]
 15133 | D:13     | Lost mutation: Your flesh is very heat resistant. (rF++)
                  | [Xom's mischief]
 15208 | D:14     | XOM: give mutations
 15208 | D:14     | Lost mutation: You are robust. (+10% HP) [Xom's mischief]
 15208 | D:14     | Lost mutation: Your flesh is heat resistant. (rF+) [Xom's
                  | mischief]
 15209 | D:14     | XOM: potion effect (brilliance)
 15317 | D:14     | XOM: polymorph centaur warrior -> tyrant leech
 15385 | D:13     | XOM: noise
 15423 | D:14     | XOM: 1-stop teleportation journey
 15425 | D:14     | XOM: summons friendly iron imp
 15427 | D:14     | XOM: cast spell 'Summon Ice Beast'
 15430 | D:14     | XOM: confuse monster(s)
 15431 | D:14     | Reached skill level 8 in Fighting
 15586 | D:14     | Noticed a deep elf death mage
 15593 | D:14     | XOM: confuse monster(s)
 15602 | D:14     | XOM: cast spell 'Cause Fear'
 15604 | D:14     | XOM: polymorph slime creature -> shapeshifter
 15604 | D:14     | a shapeshifter changed into an ettin
 15604 | D:14     | Noticed an ettin (shapeshifter)
 15604 | D:14     | Noticed a fire dragon
 15619 | D:14     | HP: 2/90 [deep elf death mage/bolt of negative energy (38)]
 15620 | D:14     | Killed a deep elf death mage
 15621 | D:14     | Reached skill level 5 in Polearms
 15626 | D:14     | XOM: potion effect (heal wounds)
 15653 | D:14     | XOM: divination: magic mapping
 15898 | D:14     | a catoblepas changed into an azure jelly
 15898 | D:14     | Noticed an azure jelly
 15898 | D:14     | Killed an azure jelly
 15953 | D:14     | XOM: give mutation
 15953 | D:14     | Gained mutation: You expend magic power (3 MP) to
                  | strengthen your wands. [Xom's grace]
 15995 | D:14     | XOM: give mutations
 15995 | D:14     | Lost mutation: You sometimes lose your temper in combat.
                  | [Xom's grace]
 15995 | D:14     | Gained mutation: Your muscles are strong. (Str +4, Int/Dex
                  | -1) [Xom's grace]
 16077 | D:14     | Found a gate to the Vaults.
 16192 | D:14     | XOM: enchant monster (good)
 16194 | D:14     | XOM: summons friendly shadow imp
 16195 | D:14     | Killed from afar by a deep elf knight

Illustrated notes

Levels and vault maps discovered:
D:1:      scummos_arrival_checkerplants, layout_basic, serial_bayou_ford_a
D:2:      layout_basic, uniq_robin
D:3:      layout_loops_ring, tgw_sif, minmay_ruptured
D:4:      layout_rooms, cheibrodos_sewer_entry_drain, solitary_fountain
D:5:      layout_loops_ring, mainiacjoe_overflow_alcove_4,
          nemelex_spade_bored_becter, dk_yredelemnul_ordeal,
          minmay_temple_entry_nine_rooms
D:6:      layout_loops_cross, regret_index_kikubaaqudgha_part_by_part,
          minmay_manual_moon, uniq_sigmund
D:7:      layout_loops_ring, serial_shops, shop, nicolae_ossuary_entry_catacombs
D:8:      layout_basic, okawaru_ov_weapons_minmay,
          nicolae_overflow_crystal_walls, serial_shops,
          nicolae_shop_rolling_square
D:9:      layout_gridville, mainiacjoe_overflow_cross_hatched
D:10:     layout_rooms, nicolae_qazlal_general_emergency,
          erik_lair_orcish_takeover, david_orc_4, serial_corexii_hall,
          chequers_hall_statues_y, corexii_hall_statues_i,
          chequers_hall_statues_y, corexii_hall_statues_x,
          corexii_hall_statues_s, corexii_hall_statues_s, st_stairs_11
D:11:     layout_irregular_city, gammafunk_ghost_cemetery
D:12:     minmay_cut_squares, layout_long_grid, serial_shops, shop
D:13:     layout_cave_pools, muffindrake_ghost_dual_entry, serial_park,
          serial_park_fountain, serial_park_square3
          [serial_park_minivault_5x5_6], serial_park_tiny_pond,
          serial_park_tiny_2
D:14:     layout_rooms, david_vaults_4, serial_rivers,
          chequers_serial_rivers_micro_b, chequers_serial_rivers_micro_e,
          chequers_serial_rivers_small_b, chequers_serial_rivers_micro_c,
          chequers_serial_rivers_micro_c
Temple:   oiseaux_autumnal_temple

Skill      XL: |  1  2  3  4  5  6  7  8  9 10 11 12 13 |
---------------+----------------------------------------+-----
Dodging        | 1 2 3 4 5 6 |  6.7
Armour         | 2 3 4 5 6 7 |  7.0
Spellcasting   | 1 2 3 4 5 6 |  6.7
Unarmed Combat | 1 2 3 4 5 6 |  6.9
Polearms       | 1 2 3 4 5 |  5.1
Axes           | 3 4 5 6 7 |  7.5
Stealth        | 1 2 3 4 |  4.9
Fighting       | 4 5 6 7 8 |  8.2
Evocations     | 1 2 3 4 |  4.7
Throwing       | 1 2 3 4 |  4.3
Shields        | 1 2 3 |  3.7
Necromancy     | 1 3 4 5 6 |  6.0
Earth Magic    | 2 3 4 |  4.9
Summonings     | 1 2 3 |  3.5
Air Magic      | 1 2 3 |  3.5
Alchemy        | 1 2 3 |  3.4
Fire Magic     | 1 2 |  2.7

Action                     |  1- 3 |  4- 6 |  7- 9 | 10-12 | 13-15 || total
---------------------------+-------+-------+-------+-------+-------++-------
  Melee: Hand axe          |   122 |   221 |   318 |   275 |   102 ||  1038
         Kick              |       |       |    85 |    19 |       ||   104
         Peck              |       |       |       |    60 |    28 ||    88
  Throw: Dart              |       |       |       |       |     1 ||     1
   Cast: Vampiric Draining |       |       |       |       |     2 ||     2
  Evoke: Wand              |       |     1 |       |    51 |    17 ||    69
         Lightning rod     |       |       |       |    10 |     4 ||    14
         Phantom mirror    |       |       |       |     1 |     1 ||     2
         Phial of floods   |       |       |       |     1 |       ||     1
         Box of beasts     |       |       |       |       |     1 ||     1
    Use: Potion            |     1 |     7 |     5 |    10 |     1 ||    24
         Scroll            |       |     6 |    10 |    20 |    12 ||    48
   Stab: Sleeping          |       |     3 |    15 |     6 |       ||    24
         Distracted        |       |     1 |     1 |     1 |       ||     3
         Invisible         |       |       |     6 |     6 |       ||    12
         Petrifying        |       |       |     3 |       |       ||     3
         Confused          |       |       |     2 |     3 |     5 ||    10
         Petrified         |       |       |     1 |       |       ||     1
         Paralysed         |       |       |     2 |     1 |     1 ||     4
 Armour: Leather armour    |    78 |    72 |       |       |       ||   150
         Robe              |       |    65 |   195 |   230 |    92 ||   582
  Dodge: Dodged            |   108 |   124 |   181 |   165 |    50 ||   628
  Block: Buckler           |       |    15 |    69 |    59 |    23 ||   166

Table legend: (Time is in decaauts)
 A = Elapsed time spent in this place.
 B = Non-inter-level travel time spent in this place.
 C = Inter-level travel time spent in this place.
 D = Time resting spent in this place.
 E = Time spent auto-exploring this place.
 F = Levels seen in this place.
 G = Mean time per level.
                   A        B        C        D        E       F      G
               +--------+--------+--------+--------+--------+-----+--------+
         Total |  16619 |  15947 |    672 |    983 |  11610 |  17 |  977.6 |
       Dungeon |  15179 |  14507 |    672 |    983 |  10590 |  14 | 1084.2 |
        Temple |      1 |      1 |      0 |      0 |      0 |   1 |    1.0 |
         Sewer |   1112 |   1112 |      0 |      0 |    791 |   1 | 1112.0 |
       Ossuary |    325 |    325 |      0 |      0 |    228 |   1 |  325.0 |
               +--------+--------+--------+--------+--------+-----+--------+

Top non-repeatable levels by time:
    D:13: 1588 daAuts
    D:11: 1522 daAuts
     D:6: 1482 daAuts
     D:8: 1407 daAuts
    D:10: 1253 daAuts
   Sewer: 1112 daAuts
     D:3: 1038 daAuts
     D:5: 997 daAuts
    D:12: 935 daAuts
     D:1: 866 daAuts
     D:2: 863 daAuts
    D:14: 861 daAuts
     D:9: 813 daAuts
     D:7: 793 daAuts
     D:4: 757 daAuts
